 Dungeon Crawl Stone Soup version 0.30-a0-292-g0f741e3f8e (webtiles) character file.

Game seed: 16066467598334404673

1 plokij the Shield-Bearer (level 1, 0/20 HPs)
             Began as a Minotaur Fighter on Oct 17, 2022.
             Slain by a ball python (3 damage)
             ... on level 1 of the Dungeon.
             The game lasted 00:01:20 (63 turns).

plokij the Shield-Bearer (Minotaur Fighter)           Turns: 63, Time: 00:01:20

Health: 0/20       AC:  6    Str: 20    XL:     1   Next: 16%
Magic:  0/0        EV:  6    Int:  5    God:
Gold:   45         SH:  4    Dex:  9    Spells: 0/0 levels left

rFire   . . .      SeeInvis .    a - +0 long sword
rCold   . . .      Faith    .    c - +0 buckler
rNeg    . . .      Spirit   .    b - +0 scale mail
rPois   .          Reflect  .    (helmet restricted)
rElec   .          Harm     .    (no cloak)
rCorr   .          Rampage  .    (no gloves)
Will    .....                    (no boots)
Stlth   ..........               (no amulet)
HPRegen 0.23/turn                (no ring)
MPRegen 0.07/turn                (no ring)

@: constricted
A: horns 2, retaliatory headbutt
a: no special abilities


You were on level 1 of the Dungeon.
You visited 1 branch of the dungeon, and saw 1 of its levels.

You collected 45 gold pieces.

Inventory:

Hand Weapons
 a - a +0 long sword (weapon)
Armour
 b - a +0 scale mail (worn)
 c - a +0 buckler (worn)
Potions
 d - a potion of might
 e - a potion of attraction {unknown}
 f - a potion of lignification {unknown}


   Skills:
 + Level 3.6 Fighting
 + Level 2.4 Long Blades
 + Level 3.6 Armour
 + Level 3.6 Shields


You couldn't memorise any spells.
You didn't know any spells.
Your spell library was empty.

Dungeon Overview and Level Annotations

Branches:
Dungeon (1/15)

Altars:
Gozag


Innate Abilities, Weirdness & Mutations

You have a pair of horns on your head.
You reflexively headbutt those who attack you in melee.


Message History

The ball python rages.
A jackal comes into view.
Gozag incites the jackal against you.
The jackal goes berserk!
The ball python barely misses you. x2
The jackal moves out of view.
The ball python attacks as you move away!
The ball python bites you. The ball python completely misses you.
The ball python bites you. The ball python closely misses you.
You hear an angry hiss.
The jackal barely misses you. You furiously retaliate!
You headbutt the jackal. You block the jackal's attack. x2
The ball python bites you but does no damage.
The ball python grabs you. The ball python constricts you.
The jackal bites you but does no damage.
You hit the jackal. Your headbutt misses the jackal.
The jackal is moderately wounded.
The jackal bites you. The jackal barely misses you.
The ball python barely misses you. The ball python constricts you.
The jackal completely misses you.
The jackal bites you but does no damage.
The jackal bites you. The ball python barely misses you.
The ball python constricts you.
The jackal bites you but does no damage.
You hit the jackal.
The jackal is severely wounded.
The jackal bites you but does no damage.
The jackal bites you. You block the ball python's attack.
The ball python constricts you. The jackal bites you.
The jackal bites you but does no damage.
The jackal bites you.
* * * LOW HITPOINT WARNING * * *
A ball python comes into view.
Gozag incites the ball python against you.
The ball python goes berserk!
The ball python barely misses you. The ball python constricts you.
The jackal closely misses you. You furiously retaliate!
You headbutt the jackal!
You kill the jackal!
The jackal barely misses you. The jackal closely misses you.
The ball python bites you.
You die...

## . (# ####.# #####
##.... #.... #...#
#.... ####...#
..#...h##......###.#.
S.....h@SS..).(......
......h##......#.####
....... #.....## ..
....... #.....# .#
...#### #.....# .. #
.. ####.....# # #. .
#.##.##..# #.##
###..^..#..#
....###...^_^.#?.##


You could see 3 jackals and 3 ball pythons.

Vanquished Creatures
  A giant cockroach (D:1)
  A jackal (D:1)
2 creatures vanquished.

Notes
Turn   | Place    | Note
-------+----------+-------------------------------------------
     0 | D:1      | plokij the Minotaur Fighter began the quest for the Orb.
     0 | D:1      | Reached XP level 1. HP: 19/19 MP: 0/0
    37 | D:1      | Found a faded altar of an unknown god.
    43 | D:1      | Prayed at the altar of an unknown god.
    43 | D:1      | Became a worshipper of Gozag Ym Sagoz the Greedy
    46 | D:1      | Fell from the grace of Gozag
    63 | D:1      | Slain by a ball python

Illustrated notes

Levels and vault maps discovered:
D:1:      dpeg_arrival_water_temple_mockup, layout_basic,
          ebering_ecumenical_altar_webs

Action                   || total
-------------------------++-------
Melee: Long sword        ||     3
       Headbutt          ||     1
Invok: Renounce Religion ||     1
Armor: Scale mail        ||    13
Dodge: Dodged            ||    25
Block: Buckler           ||     8

Table legend: (Time is in decaauts)
 A = Elapsed time spent in this place.
 B = Non-inter-level travel time spent in this place.
 C = Inter-level travel time spent in this place.
 D = Time resting spent in this place.
 E = Time spent auto-exploring this place.
 F = Levels seen in this place.
 G = Mean time per level.
                   A        B        C        D        E       F      G
               +--------+--------+--------+--------+--------+-----+--------+
         Total |     63 |     41 |     22 |      0 |     12 |   1 |   63.0 |
       Dungeon |     63 |     41 |     22 |      0 |     12 |   1 |   63.0 |
               +--------+--------+--------+--------+--------+-----+--------+

Top non-repeatable levels by time:
     D:1: 63 daAuts
